 Dungeon Crawl Stone Soup version 0.23-a0-712-g3a644c0 (console) character file.

53889 Duffy the Eclecticist (level 14, -3/80 HPs)
             Began as a Deep Elf Fire Elementalist on Jan 15, 2019.
             Was a High Priest of Sif Muna.
             Killed by divine providence
             ... invoked by an orc priest
              (12 damage)
             ... on level 2 of the Orcish Mines.
             The game lasted 00:40:56 (26601 turns).

Duffy the Eclecticist (Deep Elf Fire Elementalist) Turns: 26601, Time: 00:40:57

Health: -3/80      AC: 10    Str:  5    XL:     14   Next: 32%
Magic:  5/51       EV: 14    Int: 33    God:    Sif Muna [*****.]
Gold:   1889       SH:  0    Dex: 15    Spells: 16/45 levels left

rFire    + . .     SeeInvis .   K - staff of power {!a}
rCold    . . .     Gourm    .   (no shield)
rNeg     + . .     Faith    +   j - +0 leather armour of Twilight {rC+ Int+7}
rPois    +         Spirit   .   f - +2 helmet
rElec    .         Reflect  .   S - +2 cloak {rPois}
rCorr    .         Harm     .   U - +0 pair of gloves
MR       +....                  (no boots)
Stlth    ++........             o - amulet of faith
HPRegen  0.23/turn              B - ring of fire
MPRegen  0.32/turn              J - ring of positive energy

@: divine energy
A: no striking features
a: Stop Divine Energy, Channel Magic, Forget Spell, Renounce Religion


You were on level 2 of the Orcish Mines.
You worshipped Sif Muna.
Sif Muna was extremely pleased with you.
You were not hungry.

You visited 4 branches of the dungeon, and saw 19 of its levels.
You also visited: Sewer and Bailey.

You collected 2169 gold pieces.
You spent 280 gold pieces at shops.

Inventory:

Hand Weapons
 s - a +0 blowgun
 R - the +2 falchion "Elf's Curse" {chaos, -Tele rC+ Int+3, !a}
   (You found it on level 6 of the Lair of Beasts)

   Each time it hits an enemy it has a different, random effect.
   It affects your intelligence (+3).
   It protects you from cold.
   It prevents most forms of teleportation.
Missiles
 Z - 8 curare-tipped needles
Armour
 f - a +2 helmet (worn)
 j - the +0 leather armour of Twilight (worn) {rC+ Int+7}
   (You found it on level 4 of the Lair of Beasts)

   It affects your intelligence (+7).
   It protects you from cold.
 S - a +2 cloak of poison resistance (worn)
 U - a +0 pair of gloves (worn)
Magical Staves
 K - an uncursed staff of power (weapon) {!a}
Jewellery
 o - an amulet of faith (around neck)
 v - an uncursed ring of protection from fire
 B - a ring of fire (left hand)
 H - an uncursed ring of protection from cold
 J - a ring of positive energy (right hand)
Wands
 b - a wand of digging (18)
 w - a wand of clouds (5)
 y - a wand of random effects (17)
 A - a wand of disintegration (14)
 I - a wand of polymorph (20)
 L - a wand of flame (14)
 O - a wand of enslavement (21)
 P - a wand of iceblast (8)
 Y - a wand of acid (8)
Scrolls
 e - 12 scrolls of remove curse
 g - 2 scrolls of enchant armour {unknown}
 k - 8 scrolls of amnesia
 m - a scroll of random uselessness {unknown}
 p - 6 scrolls of teleportation {unknown}
 q - a scroll of vulnerability {unknown}
 u - 9 scrolls of fear
 x - 3 scrolls of blinking {unknown}
 T - 3 scrolls of fog {unknown}
 V - 3 scrolls of magic mapping {unknown}
Potions
 d - a potion of resistance {unknown}
 h - a potion of cancellation
 i - 6 potions of curing
 l - 3 potions of haste
 n - 3 potions of flight
 r - 3 potions of brilliance
 t - 7 potions of magic
 z - a potion of ambrosia {unknown}
 C - 3 potions of agility
 E - 5 potions of mutation
 F - 3 potions of might
 G - a potion of berserk rage {unknown}
 N - a potion of invisibility {unknown}
 Q - 4 potions of lignification
 X - a potion of heal wounds {unknown}
Miscellaneous
 a - a lamp of fire
 W - a phial of floods
Comestibles
 c - 22 rations
 D - a chunk of flesh


   Skills:
 - Level 6.0 Fighting
 - Level 6.0 Dodging
 - Level 2.4 Stealth
 + Level 16.4 Spellcasting
 + Level 11.4 Conjurations
 + Level 11.4 Fire Magic
 - Level 10.0 Earth Magic
 - Level 10.0 Invocations
 - Level 6.1 Evocations


You had 16 spell levels left.
You knew the following spells:

 Your Spells              Type           Power        Failure   Level  Hunger
h - Bolt of Magma         Conj/Fire/Erth #######...   1%          5    None
i - Bolt of Fire          Conj/Fire      ########..   3%          6    #......
j - Sticky Flame          Conj/Fire      ########     1%          4    None
k - Fireball              Conj/Fire      ########..   1%          5    None
l - Conjure Flame         Conj/Fire      ########     1%          3    None
u - Iron Shot             Conj/Erth      #######...   4%          6    #......

Your spell library contained the following spells:

 Spells                   Type           Power        Failure   Level  Hunger
 Flame Tongue             Conj/Fire      #####        1%          1    None
 Magic Dart               Conj           ####         1%          1    None
 Searing Ray              Conj           ######       1%          2    None
 Throw Flame              Conj/Fire      ######       1%          2    None
 Dazzling Spray           Conj/Hex       ######       1%          3    None
 Ignite Poison            Fire/Tmut/Pois ######..     1%          3    None
 Inner Flame              Hex/Fire       #######.     1%          3    None
 Static Discharge         Conj/Air       ######..     1%          3    None
 Stone Arrow              Conj/Erth      ######       1%          3    None
 Iskenderun's Mystic Bla  Conj           #######.     1%          4    None
 Confusing Touch          Hex            ####..       2%          1    None
 Summon Small Mammal      Summ           ####         2%          1    None
 Force Lance              Conj/Tloc      ######..     2%          4    None
 Fulminant Prism          Conj/Hex       ######....   2%          4    None
 Call Imp                 Summ           ####....     3%          2    None
 Swiftness                Chrm/Air       ####....     3%          2    None
 Petrify                  Tmut/Erth      ######..     3%          4    None
 Iskenderun's Battlesphe  Conj/Chrm      ######..     7%          5    None
 Venom Bolt               Conj/Pois      ######....   7%          5    None
 Call Canine Familiar     Summ           ####....     8%          3    None
 Confuse                  Hex            ####....     8%          3    None
 Gell's Gravitas          Tloc           ####......   8%          3    None
 Ozocubu's Armour         Chrm/Ice       ####....     8%          3    None
 Recall                   Summ/Tloc      N/A          8%          3    None
 Summon Guardian Golem    Hex/Summ       ####....     8%          3    None
 Orb of Destruction       Conj           #######...   19%         7    ####...
 Summon Ice Beast         Ice/Summ       ####....     24%         4    None
 Summon Lightning Spire   Summ/Air       ####....     24%         4    None
 Bolt of Cold             Conj/Ice       ######....   36%         6    #......
 Poison Arrow             Conj/Pois      ######....   36%         6    #......
 Aura of Abjuration       Summ           ####......   56%         5    None
 Metabolic Englaciation   Hex/Ice        ####......   56%         5    None
 Summon Demon             Summ           ####......   56%         5    None
 Summon Forest            Summ/Tloc      ####......   56%         5    None
 Summon Mana Viper        Hex/Summ       ####....     56%         5    None
 Yara's Violent Unravell  Hex/Tmut       ####......   56%         5    None
 Spellforged Servitor     Conj/Summ      ######....   90%         7    ####...
 Shadow Creatures         Summ           N/A          98%         6    #......
 Chain Lightning          Conj/Air       ######....   100%        8    ######.
 Fire Storm               Conj/Fire      ########..   100%        9    #######


Dungeon Overview and Level Annotations

Branches:
Dungeon (10/15)            Temple (1/1) D:7            Lair (6/6) D:8
  Swamp (0/4) Lair:4       Spider (0/4) Lair:4        Slime (0/5) Lair:6
    Orc (2/2) D:10
    Elf: Orc:2

Altars:
Ashenzari
Cheibriados
Dithmenos
Elyvilon
Fedhas
Gozag
Hepliaklqana
Kikubaaqudgha
Makhleb
Nemelex Xobeh
Okawaru
Qazlal
Ru
Sif Muna
Trog
Uskayaw
Vehumet
Wu Jian
Xom
Yredelemnul
Zin
The Shining One
Beogh

Shops:
D:4 :   D:8 *   D:9 [   D:10 [

Annotations:
Lair:1 2 transporters, TheNamelessOne's ghost, journeyman OpEE


Message History

Aiming: Bolt of Fire (safe; 3% risk of failure)
Press: ? - help, Shift-Dir - straight line, f/p - orc warlord
Aim: an orc warlord, wielding a +0 battleaxe and wearing a +0 chain mail of fire resistance (severely wounded)
You feel a surge of power!
The bolt of fire hits the orc warlord.
The orc warlord resists.
The orc warlord is severely wounded.
The orc warlord misses you.
The orc priest looks satisfied for a moment.
Casting: Bolt of Fire (safe; 3% risk of failure)
Confirm with . or Enter, or press ? or * to list all spells.
Aiming: Bolt of Fire (safe; 3% risk of failure)
Press: ? - help, Shift-Dir - straight line, f/p - orc warlord
Aim: an orc warlord, wielding a +0 battleaxe and wearing a +0 chain mail of fire resistance (severely wounded)
You feel a surge of power!
The bolt of fire hits the orc warlord.
The orc warlord resists.
The orc warlord is almost dead.
The orc warlord roars a battlecry!
The orc priest invokes the aid of Beogh against you.
Beogh smites you!
You die...

##.###.....o...........
#....##....o...........
##.....)).............
###.....)...........#
#...o............#
##..............#
##....#.##.....##
#^..o######..#.##
#....@# #.....# ##....#
##....# ###### ##...##
##...# ##...# #....##
#.....# ##....#
##.....###


You could see an orc warlord and an orc priest.

Vanquished Creatures
  Rupert (Orc:2)
  Snorg (Lair:5)
  The ghost of Duffy the Cleaver, a journeyman NaFi of Cheibriados (D:8)
  A hydra (Lair:5)
  Harold (D:7)
  2 catoblepae (Lair:6)
  Erica (D:9)
  A deep troll shaman (Lair:6)
  3 two-headed ogres
  Urug (Lair:3)
  3 death yaks (Lair:6)
  Sonja (Lair:5)
  A fire crab (shapeshifter) (D:9)
  Pikel (D:7)
  A lindwurm (Lair:6)
  3 oklob plants (Lair:5)
  2 cyclopes
  A centaur zombie (D:10)
  Maurice (D:9)
  Joseph (D:7)
  3 black mambas
  4 elephants (Lair:6)
  A torpor snail (Lair:6)
  14 spiny frogs
  3 rime drakes
  9 komodo dragons
  A troll (D:10)
  4 polar bears
  Grinder (D:6)
  A bog body (Lair:4)
  6 hippogriffs
  22 blink frogs
  3 dream sheep (Lair:6)
  2 centaur simulacra (D:9)
  A shadow (D:6)
  A wraith (D:10)
  35 yaks
  A wyvern (Lair:2)
  A human (D:10)
  3 hogs (D:10)
  4 basilisks
  3 hungry ghosts
  A warg (Orc:2)
  15 water moccasins
  An acid dragon (D:10)
  13 porcupines
  2 ice beasts (D:7)
  6 orc warriors
  3 sky beasts
  5 black bears
  3 phantoms
  24 wolves
  6 ogres
  7 centaurs
  12 crocodiles
  8 gnoll sergeants (Bailey)
  A spectral wyvern (D:9)
  15 bullfrogs
  A scorpion (D:6)
  A water moccasin skeleton (D:9)
  4 killer bees (D:10)
  12 wights
  4 howler monkeys
  5 crimson imps
  A bullfrog zombie (D:6)
  6 jellies
  A wyvern simulacrum (D:9)
  3 centaur skeletons
  7 orc priests
  6 gnoll shamans (Bailey)
  4 hounds
  11 orc wizards
  Jessica (D:2)
  An iguana (D:6)
  5 worker ants
  A bullfrog simulacrum (D:9)
  2 hound skeletons
  A worker ant zombie (D:6)
  19 gnolls
  A howler monkey skeleton (D:7)
  13 adders
  3 shadow imps
  An ooze (D:6)
  An adder skeleton (D:4)
  7 worms
  4 dart slugs
  4 leopard geckos
  37 orcs
  7 ball pythons
  7 giant cockroaches
  16 goblins
  7 hobgoblins
  17 jackals
  6 quokkas
  7 bats
  7 frilled lizards
  A giant cockroach zombie (D:6)
  14 kobolds
  A quokka zombie (D:6)
  11 rats
  2 bushes (Lair:4)
  2 plants
545 creatures vanquished.

Vanquished Creatures (others)
  An unseen horror (D:9)
  A troll (D:9)
  An orc warrior (D:9)
  A centaur (D:9)
  A scorpion (D:9)
  10 fungi
  3 plants
18 creatures vanquished.

Grand Total: 563 creatures vanquished

Notes
Turn   | Place    | Note
-------+----------+-------------------------------------------
     0 | D:1      | Duffy the Deep Elf Fire Elementalist began the quest for
                  | the Orb.
     0 | D:1      | Reached XP level 1. HP: 10/10 MP: 6/6
   212 | D:1      | Reached XP level 2. HP: 15/15 MP: 5/8
   533 | D:3      | Reached XP level 3. HP: 19/19 MP: 6/9
   542 | D:3      | Learned a level 3 spell: Conjure Flame
   787 | D:4      | Reached XP level 4. HP: 13/24 MP: 1/11
   794 | D:4      | Learned a level 4 spell: Sticky Flame
   910 | D:4      | Noticed a phantom
   953 | D:4      | Reached skill level 4 in Spellcasting
  1105 | D:4      | Reached XP level 5. HP: 28/28 MP: 9/13
  1151 | D:4      | Found a glowing drain.
  1239 | Sewer    | Entered a sewer
  2284 | D:4      | Noticed an ogre
  2290 | D:4      | Killed an ogre
  2290 | D:4      | Reached XP level 6. HP: 32/32 MP: 5/15
  2291 | D:4      | Reached skill level 5 in Spellcasting
  2376 | D:4      | Learned a level 5 spell: Fireball
  2409 | D:4      | Reached skill level 5 in Conjurations
  2409 | D:4      | Reached skill level 5 in Fire Magic
  2463 | D:5      | Entered Level 5 of the Dungeon
  2532 | D:5      | Reached skill level 1 in Fighting
  2683 | D:6      | Noticed a sky beast
  2698 | D:6      | Killed a sky beast
  2698 | D:6      | Reached XP level 7. HP: 36/39 MP: 3/16
  3190 | D:6      | Noticed Grinder
  3243 | D:6      | Reached skill level 5 in Dodging
  3357 | D:6      | Killed Grinder
  3357 | D:6      | Reached XP level 8. HP: 46/46 MP: 7/17
  3659 | D:7      | Reached skill level 5 in Fighting
  3760 | D:7      | Reached skill level 1 in Evocations
  4025 | D:7      | Noticed Joseph
  4039 | D:7      | Killed Joseph
  4275 | D:7      | Found a staircase to the Ecumenical Temple.
  4284 | Temple   | Entered the Ecumenical Temple
  4355 | Temple   | Became a worshipper of Sif Muna the Loreminder
  4370 | D:7      | Reached XP level 9. HP: 55/55 MP: 13/18
  5482 | D:2      | Noticed Jessica
  5486 | D:2      | Killed Jessica
  6928 | D:4      | Found Kuischawa's Book Shoppe.
  7206 | D:5      | Reached * piety under Sif Muna
  7255 | D:5      | You fall through a shaft for 3 floors!
  7256 | D:8      | Found a staircase to the Lair.
  7995 | D:6      | Reached skill level 6 in Spellcasting
  7997 | D:6      | Reached skill level 5 in Evocations
  8113 | D:6      | Got a shimmering ring mail
  8467 | D:6      | Reached ** piety under Sif Muna
  8898 | D:7      | Reached skill level 7 in Spellcasting
  8900 | D:7      | Noticed Pikel
  8907 | D:7      | Killed Pikel
  9177 | D:7      | Noticed Harold
  9191 | D:7      | Killed Harold
  9191 | D:7      | Reached skill level 8 in Spellcasting
  9191 | D:7      | Reached XP level 10. HP: 7/60 MP: 6/24
  9559 | D:8      | Reached *** piety under Sif Muna
  9736 | D:8      | Noticed a cyclops
  9738 | D:8      | Killed a cyclops
  9760 | D:8      | Found Langaj's Assorted Antiques.
  9772 | D:8      | Bought a scroll labeled EFAHUO POITWEUD for 26 gold pieces
  9772 | D:8      | Bought a green potion for 23 gold pieces
  9772 | D:8      | Bought a scroll labeled YVIASAI HOSKET for 26 gold pieces
  9772 | D:8      | Bought a scroll labeled ZITEXO YZAEHAF for 26 gold pieces
  9772 | D:8      | Bought a grey potion for 23 gold pieces
  9772 | D:8      | Bought a scroll labeled CAPPUU PAUGH for 26 gold pieces
  9785 | D:8      | Noticed a two-headed ogre
  9806 | D:8      | Killed a two-headed ogre
  9806 | D:8      | Reached skill level 9 in Spellcasting
 10127 | D:8      | Noticed a two-headed ogre
 10239 | D:8      | Killed a two-headed ogre
 10239 | D:8      | Reached **** piety under Sif Muna
 10626 | D:8      | Bought a brass ring for 130 gold pieces
 10641 | D:8      | Identified the +5 ring mail "Imnur" {Dex+3} (You found it
                  | on level 6 of the Dungeon)
 10807 | D:9      | Found a flagged portal.
 10911 | Bailey   | Entered a bailey
 11002 | Bailey   | Reached skill level 1 in Invocations
 11101 | Bailey   | Identified the ring "Fayxt" {rPois MR- AC+4 Slay+6}
 11229 | Bailey   | Reached skill level 10 in Spellcasting
 11421 | Bailey   | Reached XP level 11. HP: 56/64 MP: 11/27
 11773 | D:9      | Found a runed gate.
 11782 | D:9      | Found a runed gate.
 11783 | D:9      | Found a runed gate.
 11783 | D:9      | Noticed Duffy's ghost (journeyman NaFi)
 11819 | D:9      | Noticed Maurice
 11831 | D:9      | Killed Maurice
 12026 | D:9      | Reached ***** piety under Sif Muna
 12398 | D:9      | Received a gift from Sif Muna
 12443 | D:9      | Learned a level 5 spell: Bolt of Magma
 12491 | D:9      | Killed an unseen horror
 12551 | D:9      | Found a shimmering altar of Xom.
 12645 | D:9      | Reached skill level 1 in Earth Magic
 12785 | D:9      | Found Ubopn's Antique Armour Shop.
 12871 | D:9      | Noticed a fire crab
 12874 | D:9      | Killed a fire crab
 13135 | D:9      | Noticed Erica
 13141 | D:9      | Killed Erica
 13546 | D:9      | HP: 1/64 [Duffy's ghost (16)]
 14181 | D:8      | Killed Duffy's ghost
 14335 | Lair:1   | Entered Level 1 of the Lair of Beasts
 14427 | Lair:1   | Reached skill level 11 in Spellcasting
 14577 | Lair:1   | Reached skill level 5 in Earth Magic
 15008 | Lair:1   | Reached skill level 10 in Conjurations
 15101 | Lair:1   | Reached skill level 10 in Fire Magic
 15221 | Lair:1   | Noticed TheNamelessOne's ghost (journeyman OpEE)
 15257 | Lair:1   | Found a transporter.
 15260 | Lair:1   | Found a transporter.
 15595 | Lair:2   | Reached skill level 5 in Invocations
 15738 | Lair:2   | Reached XP level 12. HP: 69/70 MP: 18/29
 15894 | Lair:1   | Learned a level 6 spell: Iron Shot
 16156 | Lair:2   | Reached skill level 12 in Spellcasting
 17688 | Lair:3   | Noticed Urug
 17694 | Lair:3   | Killed Urug
 17877 | Lair:3   | Identified Sif Muna's Almanac of Noxious Confrontation (Sif
                  | Muna gifted it to you on level 3 of the Lair of Beasts)
 17877 | Lair:3   | Received a gift from Sif Muna
 18216 | Lair:3   | Reached skill level 13 in Spellcasting
 18712 | Lair:3   | Found a snail-covered altar of Cheibriados.
 19166 | Lair:4   | Got a spiked leather armour
 19233 | Lair:4   | Identified the +0 leather armour of Twilight {rC+ Int+7}
                  | (You found it on level 4 of the Lair of Beasts)
 19369 | Lair:4   | Found a hole to the Spider Nest.
 19714 | Lair:4   | Found a staircase to the Swamp.
 20339 | Lair:5   | Noticed an eight-headed hydra
 20344 | Lair:5   | Killed an eight-headed hydra
 20344 | Lair:5   | Reached XP level 13. HP: 74/74 MP: 32/32
 20356 | Lair:5   | Noticed Snorg
 20363 | Lair:5   | Killed Snorg
 20375 | Lair:5   | Noticed Sonja
 20383 | Lair:5   | Killed Sonja
 20485 | Lair:5   | Reached skill level 14 in Spellcasting
 20675 | Lair:5   | Found a shimmering altar of Xom.
 21256 | Lair:5   | Identified Sif Muna's Papyrus of the Hurtful Glacier (Sif
                  | Muna gifted it to you on level 5 of the Lair of Beasts)
 21256 | Lair:5   | Received a gift from Sif Muna
 21267 | Lair:5   | Learned a level 6 spell: Bolt of Fire
 21657 | Lair:6   | Entered Level 6 of the Lair of Beasts
 21770 | Lair:6   | Reached skill level 10 in Invocations
 22202 | Lair:6   | Reached skill level 10 in Earth Magic
 22205 | Lair:6   | Reached skill level 15 in Spellcasting
 22786 | Lair:6   | Found a staircase to the Slime Pits.
 23064 | Lair:6   | Received a gift from Sif Muna
 23789 | Lair:6   | Reached XP level 14. HP: 80/80 MP: 21/35
 24095 | Lair:6   | Got a polished falchion
 24098 | Lair:6   | Identified the +2 falchion "Elf's Curse" {chaos, -Tele rC+
                  | Int+3} (You found it on level 6 of the Lair of Beasts)
 24376 | D:10     | Entered Level 10 of the Dungeon
 24446 | D:10     | Found Ziusm's Armour Emporium.
 24453 | D:10     | Reached skill level 16 in Spellcasting
 25036 | D:10     | Found a deep blue altar of Sif Muna.
 25468 | D:10     | Found a staircase to the Orcish Mines.
 25474 | D:10     | Found a roughly hewn altar of Beogh.
 25864 | Orc:1    | Entered Level 1 of the Orcish Mines
 25962 | Orc:1    | Found a roughly hewn altar of Beogh.
 26138 | Orc:2    | Entered Level 2 of the Orcish Mines
 26140 | Orc:2    | Noticed Rupert
 26147 | Orc:2    | Killed Rupert
 26567 | Orc:2    | Identified Sif Muna's Compendium of Assistive Confrontation
                  | (Sif Muna gifted it to you on level 2 of the Orcish Mines)
 26567 | Orc:2    | Received a gift from Sif Muna
 26567 | Orc:2    | Noticed an orc warlord
 26601 | Orc:2    | Killed from afar by an orc priest

Vault maps used:
D:1:      elethiomel_arrival_infinity_welcomes_careful_drivers
D:2:      first_ration, uniq_jessica
D:4:      serial_shops, nicolae_shop_window_shopping, portal_sewer_entry_e,
          roderic_serpentine_path
D:6:      wad_guarded_room, uniq_grinder
D:7:      minmay_temple_entry_arrows, uniq_joseph, uniq_pikel, uniq_harold
D:8:      lair_entry_dummy, serial_shops, shop
D:9:      xom_confusion_cloud, gammafunk_ghost_necromancy, serial_shops,
          kennysheep_mini_moat, enter_bailey_3, uniq_maurice, uniq_erica
D:10:     minmay_orc_entry_temple_small, serial_shops, shop, grunt_livestock,
          minivault_25_ag, tgw_sif
Temple:   dpeg_three_leaves_temple
Lair:1:   gammafunk_ghost_arena, chequers_serial_rivers_room_b, minivault_25,
          st_stairs_6
Lair:3:   lemuel_centaur_altar, uniq_urug
Lair:4:   skrybe_swamp_entry_bodies, spider_nest_entry_web_field, serial_forest,
          infiniplex_forest_lined_room_3, infiniplex_forest_lined_2,
          infiniplex_forest_clump_diagonal, infiniplex_forest_lined_2,
          infiniplex_forest_end_3, infiniplex_forest_clump_curved
Lair:5:   basic_altar, minmay_lair_oklob_chamber, grunt_megastairs_2,
          uniq_sonja, uniq_snorg
Lair:6:   grunt_lair_end_beastmaster, slime_dummy, grunt_forest_small_clearings,
          minivault_19, minivault_26, st_stairs_12, grunt_megastairs_1
Orc:1:    basic_altar
Orc:2:    st_orc_elflike, basic_altar, minmay_orc_treasury, uniq_rupert
Sewer:    sewer_co_scattered_pipes
Bailey:   bailey_polearm_gnolls_kennysheep, bailey

Skill      XL: |  1  2  3  4  5  6  7  8  9 10 11 12 13 14 |
---------------+-------------------------------------------+-----
Conjurations   | 2 3 4 5 7 9 10 11 | 11.4
Spellcasting   | 4 5 8 10 11 13 15 16 | 16.4
Fire Magic     | 4 5 7 8 10 11 | 11.4
Fighting       | 1 3 6 |  6.0
Dodging        | 3 5 6 |  6.0
Evocations     | 4 6 |  6.1
Invocations    | 1 5 8 10 | 10.0
Earth Magic    | 5 8 10 | 10.0
Stealth        | |  2.4

Action                   |  1- 3 |  4- 6 |  7- 9 | 10-12 | 13-15 || total
-------------------------+-------+-------+-------+-------+-------++-------
Melee: Blowgun           |       |       |       |     2 |       ||     2
 Cast: Flame Tongue      |    50 |    93 |   321 |   234 |       ||   698
       Conjure Flame     |       |     1 |     8 |     8 |       ||    17
       Sticky Flame      |       |     1 |    10 |    42 |     1 ||    54
       Fireball          |       |       |     1 |   111 |    52 ||   164
       Bolt of Magma     |       |       |       |    30 |   158 ||   188
       Iron Shot         |       |       |       |     3 |       ||     3
       Bolt of Fire      |       |       |       |       |     6 ||     6
Invok: Divine Energy     |       |       |     1 |       |       ||     1
       Channel Magic     |       |       |       |     2 |       ||     2
Evoke: Wand              |       |       |    11 |    18 |     1 ||    30
  Use: Scroll            |       |       |       |    15 |     2 ||    17
       Potion            |       |       |       |     1 |       ||     1
  Eat: Chunk             |       |     5 |    22 |    30 |    14 ||    71
       Ration            |       |       |       |     6 |     1 ||     7
Armor: Robe              |     5 |     7 |    11 |     7 |       ||    30
       Ring mail         |       |       |       |    63 |       ||    63
       Leather armour    |       |       |       |     2 |    23 ||    25
Dodge: Dodged            |    14 |    35 |    74 |   112 |    50 ||   285
Block: Other             |     1 |       |       |       |       ||     1
       Reflection        |     1 |       |       |       |       ||     1

Table legend:
 A = Non-vault XP
 B = Vault XP
 C = Vault XP percentage of total XP
 D = Non-vault monster count
 E = Vault monster count
 F = Vault count percentage of total count
                 A         B        C        D         E       F
            +---------+---------+-------+---------+---------+-------
      Total |   47385 |   29600 |  38.4 |     392 |     149 |  27.5
            +---------+---------+-------+---------+---------+-------
        D:1 |      34 |       0 |   0.0 |      18 |       0 |   0.0
        D:2 |     103 |      37 |  26.4 |      36 |       1 |   2.7
        D:3 |     107 |       0 |   0.0 |      22 |       0 |   0.0
        D:4 |     550 |      18 |   3.2 |      18 |       8 |  30.8
        D:5 |     396 |       0 |   0.0 |      14 |       0 |   0.0
        D:6 |     899 |    1189 |  56.9 |      26 |      16 |  38.1
        D:7 |    1096 |    2140 |  66.1 |      25 |       3 |  10.7
        D:8 |    3023 |    1002 |  24.9 |      18 |       1 |   5.3
        D:9 |    2892 |    2719 |  48.5 |      26 |      16 |  38.1
       D:10 |    5008 |    1310 |  20.7 |      28 |      13 |  31.7
     Lair:1 |    2845 |     425 |  13.0 |      13 |       1 |   7.1
     Lair:2 |    4976 |       0 |   0.0 |      25 |       0 |   0.0
     Lair:3 |    7083 |    1292 |  15.4 |      35 |       5 |  12.5
     Lair:4 |    3640 |     271 |   6.9 |      17 |       1 |   5.6
     Lair:5 |    5326 |    3822 |  41.8 |      18 |       8 |  30.8
     Lair:6 |    8284 |   11038 |  57.1 |      38 |      26 |  40.6
      Orc:1 |     387 |       0 |   0.0 |       5 |       0 |   0.0
      Orc:2 |     736 |    3061 |  80.6 |      10 |       2 |  16.7
      Sewer |       0 |      51 | 100.0 |       0 |      18 | 100.0
     Bailey |       0 |    1225 | 100.0 |       0 |      30 | 100.0
            +---------+---------+-------+---------+---------+-------
